[ PARTIDA AOE2 · #477500884 ]
UnrankedHunos vs Persians
[ ANÁLISIS DE REPETICIÓN · EXTRAÍDO DE LA PARTIDA GRABADA ]
Feudal
14:05
Castillos
—
Imperial
—
| APM promedio | 6.2 |
| APM pico | 40 |
| eAPM promedio | 4.5 |
| Aldeanos / militares | 42 / 0 |
Foco
⚔️ 27.9% · 🌾 72.1%
Feudal
12:12
Castillos
17:41
Imperial
30:02
| APM promedio | 16.3 |
| APM pico | 59 |
| eAPM promedio | 13.9 |
| Aldeanos / militares | 152 / 201 |
Foco
⚔️ 36.5% · 🌾 63.5%
Scout Cavalry ×85 · War Elephant ×51 · Spearman ×44 · Skirmisher ×19 · Trade Cart ×8 · Monk ×2
Feudal
13:10
Castillos
26:20
Imperial
36:10
| APM promedio | 38.9 |
| APM pico | 106 |
| eAPM promedio | 16.7 |
| Aldeanos / militares | 188 / 433 |
Foco
⚔️ 27.6% · 🌾 72.4%
Spearman ×317 · Hand Cannoneer ×75 · Skirmisher ×21 · Bombard Cannon ×19 · Trade Cart ×18 · Monk ×1
Feudal
11:21
Castillos
16:08
Imperial
31:25
| APM promedio | 23.8 |
| APM pico | 52 |
| eAPM promedio | 19.9 |
| Aldeanos / militares | 240 / 329 |
Foco
⚔️ 25.5% · 🌾 74.5%
Knight ×153 · Teutonic Knight ×66 · Skirmisher ×63 · Spearman ×38 · Trade Cart ×14 · Mangonel ×4
Feudal
—
Castillos
—
Imperial
—
| APM promedio | 5.6 |
| APM pico | 70 |
| eAPM promedio | 2.3 |
| Aldeanos / militares | 12 / 0 |
Foco
⚔️ 17.8% · 🌾 82.2%
Feudal
19:31
Castillos
23:32
Imperial
40:33
| APM promedio | 24.7 |
| APM pico | 70 |
| eAPM promedio | 16.2 |
| Aldeanos / militares | 150 / 110 |
Foco
⚔️ 32.3% · 🌾 67.7%
Camel Scout ×104 · Spearman ×5 · Trebuchet (Packed) ×1
Feudal
11:07
Castillos
14:53
Imperial
32:56
| APM promedio | 35.1 |
| APM pico | 73 |
| eAPM promedio | 27.2 |
| Aldeanos / militares | 212 / 498 |
Foco
⚔️ 23.6% · 🌾 76.4%
Knight ×364 · Spearman ×85 · Trade Cart ×55 · Scout Cavalry ×25 · Petard ×18 · Trebuchet (Packed) ×4
Feudal
12:31
Castillos
21:11
Imperial
33:14
| APM promedio | 22.6 |
| APM pico | 82 |
| eAPM promedio | 18.3 |
| Aldeanos / militares | 162 / 304 |
Foco
⚔️ 47.6% · 🌾 52.4%
Spearman ×112 · Steppe Lancer ×98 · Cavalry Archer ×42 · Trade Cart ×22 · Knight ×16 · Camel Scout ×12
Mapa de la partida
Recursos iniciales + cada clic de construcción. Líneas = muros · curvas = relieve. ◆ oro · ⬟ piedra · ● bayas · ✦ reliquia · ◌ hueco del cierre
Tu base· ✓ Cerrada en 12:00 · 11t muro · sin puerta
Base de kinhvanhoa· ✓ Cerrada en 17:41 · 0t muro · sin puerta
Base de Chick· ✓ Cerrada en 26:20 · 8t muro · sin puerta
Base de R· ✓ Cerrada en 16:08 · 0t muro · sin puerta
Base de McSnyffels· ✓ Cerrada en 12:00 · 7t muro · sin puerta
Base de AcmeVSG· ✓ Cerrada en 23:32 · 28t muro · sin puerta
Base de lelord· ✓ Cerrada en 14:53 · 12t muro · sin puerta
Base de marrin89· ✓ Cerrada en 21:11 · 0t muro · sin puerta
Terreno inicial suavizado · ◌ = hueco del cierre detectado · pasá el cursor para detalles
Inputs por minuto
— Maximus - - kinhvanhoa
Build order — Maximus
56 acciones detectadas en el replay
| 0:15 | Crear | Villager (Male) |
| 0:15 | Crear | Villager (Male) |
| 0:16 | Crear | Villager (Male) |
| 0:16 | Crear | Villager (Male) |
| 0:16 | Crear | Villager (Male) |
| 0:16 | Crear | Villager (Male) |
| 0:28 | Investigar | Loom |
| 2:13 | Crear | Villager (Male) |
| 2:13 | Crear | Villager (Male) |
| 2:55 | Crear | Villager (Male) |
| 2:55 | Crear | Villager (Male) |
| 2:55 | Crear | Villager (Male) |
| 3:21 | Construir | Lumber Camp |
| 3:31 | Crear | Villager (Male) |
| 3:31 | Crear | Villager (Male) |
| 3:50 | Crear | Villager (Male) |
| 3:51 | Crear | Villager (Male) |
| 3:51 | Crear | Villager (Male) |
| 4:20 | Crear | Villager (Male) |
| 4:20 | Crear | Villager (Male) |
| 4:33 | Construir | Palisade Wall |
| 4:56 | Crear | Villager (Male) |
| 4:57 | Crear | Villager (Male) |
| 5:47 | Construir | Mill |
| 6:01 | Construir | Palisade Wall |
| 6:10 | Construir | Palisade Wall |
| 7:00 | Crear | Villager (Male) |
| 7:00 | Crear | Villager (Male) |
| 7:40 | Crear | Villager (Male) |
| 7:40 | Crear | Villager (Male) |
| 7:40 | Crear | Villager (Male) |
| 7:41 | Crear | Villager (Male) |
| 8:48 | Crear | Villager (Male) |
| 8:48 | Crear | Villager (Male) |
| 9:08 | Crear | Villager (Male) |
| 9:50 | Crear | Villager (Male) |
| 9:50 | Crear | Villager (Male) |
| 9:50 | Crear | Villager (Male) |
| 10:56 | Construir | Mining Camp |
| 11:44 | Construir | Mining Camp |
| 11:55 | Investigar | Feudal Age |
| 12:13 | Construir | Barracks |
| 12:27 | Crear | Villager (Male) |
| 12:28 | Crear | Villager (Male) |
| 12:28 | Crear | Villager (Male) |
| 14:05 | Edad | Edad Feudal |
| 14:13 | Investigar | Double-Bit Axe |
| 14:50 | Construir | Town Center |
| 16:03 | Crear | Villager (Male) |
| 16:03 | Crear | Villager (Male) |
| 16:03 | Crear | Villager (Male) |
| 16:03 | Crear | Villager (Male) |
| 17:17 | Investigar | Man-at-Arms (upgrade) |
| 18:20 | Crear | Villager (Male) |
| 18:20 | Crear | Villager (Male) |
| 18:21 | Crear | Villager (Male) |
Build order — kinhvanhoa
Primeras 150 de 561 acciones detectadas
| 0:02 | Crear | Villager (Male) |
| 0:02 | Crear | Villager (Male) |
| 0:02 | Crear | Villager (Male) |
| 0:03 | Crear | Villager (Male) |
| 0:03 | Crear | Villager (Male) |
| 0:13 | Construir | House |
| 0:20 | Construir | House |
| 1:47 | Investigar | Loom |
| 2:16 | Construir | House |
| 2:19 | Crear | Villager (Male) |
| 2:20 | Crear | Villager (Male) |
| 2:20 | Crear | Villager (Male) |
| 2:54 | Construir | Lumber Camp |
| 3:06 | Crear | Villager (Male) |
| 3:24 | Crear | Villager (Male) |
| 4:16 | Crear | Villager (Male) |
| 4:16 | Crear | Villager (Male) |
| 4:54 | Crear | Villager (Male) |
| 4:54 | Crear | Villager (Male) |
| 5:02 | Construir | House |
| 5:39 | Crear | Villager (Male) |
| 5:39 | Crear | Villager (Male) |
| 5:54 | Crear | Villager (Male) |
| 6:20 | Construir | Mill |
| 7:08 | Crear | Villager (Male) |
| 7:31 | Construir | Mill |
| 7:57 | Crear | Villager (Male) |
| 7:58 | Crear | Villager (Male) |
| 7:58 | Crear | Villager (Male) |
| 9:01 | Crear | Villager (Male) |
| 9:15 | Construir | House |
| 9:30 | Crear | Villager (Male) |
| 9:49 | Construir | Mining Camp |
| 10:00 | Investigar | Feudal Age |
| 10:08 | Construir | Farm |
| 10:14 | Construir | Farm |
| 10:22 | Construir | Farm |
| 10:45 | Construir | Farm |
| 10:51 | Construir | Farm |
| 11:04 | Crear | Villager (Male) |
| 11:05 | Crear | Villager (Male) |
| 11:21 | Crear | Villager (Male) |
| 11:33 | Construir | House |
| 11:36 | Construir | House |
| 12:10 | Construir | Farm |
| 12:12 | Construir | Farm |
| 12:12 | Edad | Edad Feudal |
| 12:30 | Construir | Blacksmith |
| 12:41 | Construir | Farm |
| 13:02 | Crear | Villager (Male) |
| 13:26 | Construir | Farm |
| 13:31 | Crear | Villager (Male) |
| 13:42 | Construir | Market |
| 14:04 | Construir | Farm |
| 14:07 | Construir | Farm |
| 14:15 | Construir | Farm |
| 14:17 | Construir | Farm |
| 14:18 | Construir | Farm |
| 14:28 | Crear | Villager (Male) |
| 14:35 | Investigar | Horse Collar |
| 14:38 | Investigar | Double-Bit Axe |
| 14:53 | Crear | Villager (Male) |
| 15:13 | Investigar | Castle Age |
| 15:24 | Construir | House |
| 15:26 | Construir | House |
| 15:28 | Construir | House |
| 15:32 | Construir | House |
| 15:36 | Crear | Villager (Male) |
| 15:36 | Crear | Villager (Male) |
| 15:36 | Crear | Villager (Male) |
| 15:51 | Investigar | Stone Mining |
| 16:03 | Investigar | Gold Mining |
| 16:23 | Crear | Villager (Male) |
| 16:58 | Construir | Lumber Camp |
| 17:19 | Construir | House |
| 17:21 | Construir | House |
| 17:25 | Construir | House |
| 17:27 | Construir | House |
| 17:41 | Edad | Edad de los Castillos |
| 17:49 | Crear | Villager (Male) |
| 17:49 | Crear | Villager (Male) |
| 18:07 | Construir | Lumber Camp |
| 18:15 | Construir | Town Center |
| 18:57 | Construir | Barracks |
| 19:12 | Crear | Villager (Male) |
| 19:12 | Crear | Villager (Male) |
| 19:39 | Construir | Farm |
| 19:57 | Crear | Villager (Male) |
| 19:57 | Crear | Villager (Male) |
| 19:57 | Crear | Villager (Male) |
| 19:59 | Crear | Villager (Male) |
| 19:59 | Crear | Villager (Male) |
| 19:59 | Crear | Villager (Male) |
| 20:00 | Crear | Villager (Male) |
| 20:00 | Crear | Villager (Male) |
| 20:00 | Crear | Villager (Male) |
| 20:01 | Crear | Villager (Male) |
| 20:01 | Crear | Villager (Male) |
| 20:19 | Construir | Town Center |
| 20:37 | Crear | Villager (Male) |
| 20:37 | Crear | Villager (Male) |
| 20:38 | Crear | Villager (Male) |
| 20:38 | Crear | Villager (Male) |
| 20:41 | Crear | Villager (Male) |
| 20:42 | Crear | Villager (Male) |
| 20:42 | Crear | Villager (Male) |
| 21:06 | Construir | Farm |
| 21:40 | Construir | Town Center |
| 21:55 | Construir | Farm |
| 21:59 | Crear | Villager (Male) |
| 21:59 | Crear | Villager (Male) |
| 22:12 | Crear | Villager (Male) |
| 22:13 | Crear | Villager (Male) |
| 22:17 | Crear | Villager (Male) |
| 22:17 | Crear | Villager (Male) |
| 22:18 | Crear | Villager (Male) |
| 22:31 | Construir | Farm |
| 22:36 | Investigar | Heavy Plow |
| 22:40 | Investigar | Bow Saw |
| 22:46 | Crear | Villager (Male) |
| 22:47 | Crear | Villager (Male) |
| 22:47 | Crear | Villager (Male) |
| 22:47 | Crear | Villager (Male) |
| 22:47 | Crear | Villager (Male) |
| 22:48 | Crear | Villager (Male) |
| 22:55 | Construir | Farm |
| 23:01 | Construir | Farm |
| 23:06 | Crear | Villager (Male) |
| 23:06 | Crear | Villager (Male) |
| 23:21 | Construir | Farm |
| 23:29 | Crear | Villager (Male) |
| 23:29 | Crear | Villager (Male) |
| 23:43 | Crear | Villager (Male) |
| 23:54 | Construir | Monastery |
| 23:57 | Crear | Villager (Male) |
| 23:57 | Crear | Villager (Male) |
| 24:08 | Construir | Farm |
| 24:14 | Construir | Farm |
| 24:16 | Crear | Villager (Male) |
| 24:17 | Crear | Villager (Male) |
| 24:24 | Construir | Farm |
| 24:37 | Crear | Villager (Male) |
| 24:37 | Crear | Villager (Male) |
| 24:37 | Crear | Villager (Male) |
| 24:55 | Construir | University |
| 25:12 | Construir | Farm |
| 25:18 | Construir | Farm |
| 25:22 | Crear | Villager (Male) |
| 25:22 | Crear | Villager (Male) |
| 25:32 | Crear | Villager (Male) |
Build order — Chick
Primeras 150 de 465 acciones detectadas
| 0:01 | Crear | Villager (Male) |
| 0:02 | Crear | Villager (Male) ×4 |
| 0:02 | Crear | Villager (Male) ×3 |
| 0:04 | Construir | House |
| 0:06 | Construir | House |
| 1:25 | Crear | Villager (Male) |
| 1:25 | Crear | Villager (Male) |
| 1:25 | Crear | Villager (Male) |
| 2:15 | Crear | Villager (Male) ×2 |
| 2:15 | Crear | Villager (Male) ×2 |
| 2:22 | Investigar | Loom |
| 2:22 | Investigar | Loom |
| 2:23 | Crear | Villager (Male) |
| 2:23 | Crear | Villager (Male) |
| 2:23 | Crear | Villager (Male) |
| 2:51 | Construir | House |
| 2:51 | Construir | House |
| 2:52 | Construir | House |
| 2:59 | Crear | Villager (Male) |
| 2:59 | Crear | Villager (Male) |
| 3:29 | Crear | Villager (Male) |
| 3:29 | Crear | Villager (Male) |
| 3:29 | Crear | Villager (Male) |
| 4:17 | Crear | Villager (Male) ×2 |
| 4:17 | Crear | Villager (Male) ×2 |
| 4:18 | Crear | Villager (Male) ×2 |
| 4:48 | Crear | Villager (Male) |
| 4:48 | Crear | Villager (Male) |
| 4:48 | Crear | Villager (Male) |
| 5:20 | Crear | Villager (Male) ×2 |
| 5:20 | Crear | Villager (Male) ×2 |
| 5:37 | Crear | Villager (Male) |
| 5:37 | Crear | Villager (Male) |
| 6:22 | Construir | Lumber Camp |
| 6:25 | Crear | Villager (Male) |
| 6:25 | Crear | Villager (Male) |
| 6:25 | Crear | Villager (Male) |
| 7:02 | Crear | Villager (Male) |
| 7:02 | Crear | Villager (Male) |
| 7:27 | Crear | Villager (Male) ×5 |
| 7:27 | Crear | Villager (Male) ×5 |
| 7:28 | Crear | Villager (Male) ×5 |
| 7:28 | Crear | Villager (Male) ×5 |
| 8:22 | Crear | Villager (Male) |
| 8:22 | Crear | Villager (Male) |
| 8:23 | Crear | Villager (Male) |
| 9:00 | Construir | Mill |
| 9:34 | Construir | Mill |
| 9:46 | Crear | Villager (Male) |
| 10:39 | Investigar | Feudal Age |
| 10:42 | Construir | Mining Camp |
| 11:14 | Construir | Farm |
| 11:20 | Construir | Farm |
| 12:06 | Construir | House |
| 12:08 | Construir | House |
| 12:35 | Construir | House |
| 13:01 | Crear | Villager (Male) |
| 13:01 | Crear | Villager (Male) |
| 13:01 | Crear | Villager (Male) |
| 13:01 | Crear | Villager (Male) |
| 13:02 | Crear | Villager (Male) |
| 13:10 | Edad | Edad Feudal |
| 13:27 | Crear | Villager (Male) |
| 13:27 | Crear | Villager (Male) |
| 13:27 | Crear | Villager (Male) |
| 13:29 | Investigar | Double-Bit Axe |
| 13:30 | Investigar | Double-Bit Axe |
| 13:30 | Investigar | Horse Collar |
| 13:30 | Investigar | Horse Collar |
| 13:41 | Construir | Market |
| 13:43 | Construir | Blacksmith |
| 14:04 | Construir | Outpost |
| 14:11 | Construir | Stone Wall |
| 14:28 | Construir | Watch Tower |
| 14:43 | Construir | Mining Camp |
| 15:12 | Investigar | Fletching |
| 16:13 | Crear | Villager (Male) |
| 16:13 | Crear | Villager (Male) |
| 16:13 | Crear | Villager (Male) |
| 16:23 | Construir | Watch Tower |
| 16:40 | Crear | Villager (Male) |
| 16:40 | Crear | Villager (Male) |
| 16:40 | Crear | Villager (Male) |
| 16:41 | Crear | Villager (Male) |
| 17:34 | Crear | Villager (Male) |
| 17:34 | Crear | Villager (Male) |
| 17:34 | Crear | Villager (Male) |
| 18:14 | Crear | Villager (Male) |
| 18:14 | Crear | Villager (Male) |
| 18:44 | Construir | House |
| 18:45 | Construir | House |
| 19:37 | Construir | Farm |
| 19:38 | Construir | Farm |
| 19:40 | Construir | Farm |
| 20:17 | Construir | Farm |
| 20:18 | Construir | Farm |
| 20:20 | Construir | Farm |
| 20:22 | Construir | Farm |
| 20:23 | Construir | Farm |
| 20:32 | Construir | House |
| 20:32 | Construir | House |
| 20:38 | Construir | Farm |
| 20:40 | Construir | Farm |
| 20:42 | Construir | Farm |
| 21:12 | Construir | Farm |
| 21:31 | Construir | Farm |
| 21:32 | Construir | Farm |
| 21:38 | Crear | Villager (Male) |
| 21:39 | Crear | Villager (Male) |
| 21:39 | Crear | Villager (Male) |
| 22:18 | Construir | Farm |
| 22:25 | Crear | Villager (Male) |
| 22:25 | Crear | Villager (Male) |
| 22:26 | Crear | Villager (Male) |
| 23:15 | Crear | Trade Cart |
| 23:15 | Crear | Trade Cart |
| 23:15 | Crear | Trade Cart |
| 23:15 | Crear | Trade Cart |
| 23:17 | Crear | Trade Cart |
| 23:34 | Investigar | Castle Age |
| 23:34 | Investigar | Castle Age |
| 23:34 | Investigar | Castle Age |
| 24:24 | Investigar | Wheelbarrow |
| 24:31 | Construir | House |
| 24:32 | Construir | House |
| 24:32 | Construir | House |
| 24:33 | Construir | House |
| 24:34 | Construir | House |
| 24:34 | Construir | House |
| 24:34 | Construir | House |
| 24:35 | Construir | House |
| 24:35 | Construir | House |
| 24:35 | Construir | House |
| 24:37 | Construir | House |
| 24:37 | Construir | House |
| 25:07 | Crear | Villager (Male) |
| 25:07 | Crear | Villager (Male) |
| 25:07 | Crear | Villager (Male) |
| 25:07 | Crear | Villager (Male) |
| 25:08 | Crear | Villager (Male) |
| 25:09 | Crear | Villager (Male) |
| 25:09 | Crear | Villager (Male) |
| 26:20 | Edad | Edad de los Castillos |
| 26:23 | Construir | Town Center |
| 26:29 | Construir | Town Center |
| 26:42 | Construir | Town Center |
| 26:50 | Investigar | Bow Saw |
| 26:51 | Investigar | Heavy Plow |
| 27:24 | Construir | Farm |
| 27:26 | Construir | Farm |
Build order — R
Primeras 150 de 612 acciones detectadas
| 0:02 | Construir | House |
| 0:04 | Construir | House |
| 0:04 | Crear | Villager (Male) |
| 0:04 | Investigar | Loom |
| 0:06 | Crear | Villager (Male) |
| 0:06 | Crear | Villager (Male) |
| 0:06 | Crear | Villager (Male) |
| 0:06 | Crear | Villager (Male) |
| 1:33 | Crear | Villager (Male) |
| 1:33 | Crear | Villager (Male) |
| 1:49 | Construir | Lumber Camp |
| 2:18 | Crear | Villager (Male) |
| 2:19 | Crear | Villager (Male) |
| 2:54 | Crear | Villager (Male) |
| 2:55 | Crear | Villager (Male) |
| 3:25 | Crear | Villager (Male) |
| 3:25 | Crear | Villager (Male) |
| 3:26 | Construir | House |
| 3:48 | Crear | Villager (Male) |
| 4:19 | Crear | Villager (Male) |
| 4:35 | Crear | Villager (Male) |
| 4:35 | Crear | Villager (Male) |
| 5:01 | Crear | Villager (Male) |
| 5:34 | Construir | Mill |
| 5:39 | Crear | Villager (Male) |
| 5:39 | Crear | Villager (Male) |
| 5:40 | Crear | Villager (Male) |
| 5:40 | Crear | Villager (Male) |
| 6:49 | Crear | Villager (Male) |
| 6:49 | Crear | Villager (Male) |
| 6:50 | Crear | Villager (Male) |
| 6:50 | Crear | Villager (Male) |
| 6:50 | Crear | Villager (Male) |
| 7:26 | Construir | House |
| 7:39 | Crear | Villager (Male) |
| 7:40 | Crear | Villager (Male) |
| 7:42 | Crear | Villager (Male) |
| 8:06 | Construir | House |
| 8:26 | Construir | Mining Camp |
| 9:09 | Investigar | Feudal Age |
| 10:13 | Crear | Villager (Male) |
| 10:13 | Crear | Villager (Male) |
| 10:13 | Crear | Villager (Male) |
| 11:21 | Edad | Edad Feudal |
| 11:23 | Construir | Blacksmith |
| 11:28 | Construir | Market |
| 11:42 | Construir | Market |
| 11:51 | Construir | Farm |
| 12:10 | Construir | Farm |
| 12:17 | Construir | Farm |
| 12:19 | Construir | Farm |
| 12:32 | Crear | Villager (Male) |
| 12:42 | Construir | Farm |
| 13:01 | Crear | Villager (Male) |
| 13:04 | Construir | Farm |
| 13:28 | Investigar | Castle Age |
| 13:28 | Investigar | Castle Age |
| 13:35 | Construir | House |
| 13:36 | Construir | House |
| 14:17 | Investigar | Double-Bit Axe |
| 14:31 | Construir | Farm |
| 14:35 | Construir | Farm |
| 14:43 | Construir | Farm |
| 15:25 | Construir | Farm |
| 15:27 | Construir | Farm |
| 15:29 | Construir | Farm |
| 15:31 | Investigar | Horse Collar |
| 15:42 | Crear | Villager (Male) |
| 15:42 | Crear | Villager (Male) |
| 15:42 | Crear | Villager (Male) |
| 15:43 | Crear | Villager (Male) |
| 15:43 | Crear | Villager (Male) |
| 16:08 | Edad | Edad de los Castillos |
| 16:10 | Construir | Town Center |
| 16:15 | Construir | Town Center |
| 16:23 | Investigar | Bow Saw |
| 17:34 | Crear | Villager (Male) |
| 17:36 | Crear | Villager (Male) |
| 17:36 | Crear | Villager (Male) |
| 17:37 | Crear | Villager (Male) |
| 17:37 | Crear | Villager (Male) |
| 17:37 | Crear | Villager (Male) |
| 17:39 | Construir | Farm |
| 17:41 | Construir | Farm |
| 17:44 | Construir | Farm |
| 17:47 | Construir | Farm |
| 17:56 | Crear | Villager (Male) |
| 17:56 | Crear | Villager (Male) |
| 17:56 | Crear | Villager (Male) |
| 17:57 | Crear | Villager (Male) |
| 17:57 | Crear | Villager (Male) |
| 18:06 | Construir | Farm |
| 18:19 | Construir | Lumber Camp |
| 18:21 | Crear | Villager (Male) |
| 18:30 | Crear | Villager (Male) |
| 18:30 | Crear | Villager (Male) |
| 18:51 | Construir | Farm |
| 18:53 | Crear | Villager (Male) |
| 18:55 | Crear | Villager (Male) |
| 18:59 | Crear | Villager (Male) |
| 18:59 | Crear | Villager (Male) |
| 19:16 | Construir | Farm |
| 19:55 | Construir | Stone Wall |
| 20:05 | Crear | Villager (Male) |
| 20:07 | Crear | Villager (Male) |
| 20:07 | Crear | Villager (Male) |
| 20:07 | Crear | Villager (Male) |
| 20:09 | Construir | Farm |
| 20:16 | Construir | Farm |
| 20:18 | Construir | Farm |
| 20:22 | Construir | Farm |
| 20:29 | Construir | Farm |
| 20:31 | Construir | Farm |
| 20:33 | Construir | Farm |
| 20:38 | Construir | House |
| 20:41 | Crear | Villager (Male) |
| 20:41 | Crear | Villager (Male) |
| 20:41 | Crear | Villager (Male) |
| 20:42 | Crear | Villager (Male) |
| 20:46 | Investigar | Wheelbarrow |
| 20:46 | Investigar | Town Watch |
| 21:03 | Crear | Villager (Male) |
| 21:03 | Crear | Villager (Male) |
| 21:03 | Crear | Villager (Male) |
| 21:14 | Construir | Town Center |
| 21:25 | Crear | Villager (Male) |
| 21:33 | Construir | Monastery |
| 21:35 | Crear | Villager (Male) |
| 21:39 | Crear | Villager (Male) |
| 21:39 | Crear | Villager (Male) |
| 21:40 | Crear | Villager (Male) |
| 21:41 | Crear | Villager (Male) |
| 21:41 | Crear | Villager (Male) |
| 22:05 | Construir | Town Center |
| 22:27 | Construir | House |
| 22:27 | Construir | House |
| 22:28 | Construir | House |
| 22:28 | Construir | House |
| 22:29 | Construir | House |
| 22:29 | Construir | House |
| 22:29 | Construir | House |
| 22:30 | Construir | House |
| 22:30 | Construir | House |
| 22:31 | Construir | House |
| 22:40 | Crear | Monk |
| 23:02 | Construir | Mining Camp |
| 23:06 | Crear | Villager (Male) |
| 23:06 | Crear | Villager (Male) |
| 23:07 | Crear | Villager (Male) |
| 23:08 | Crear | Villager (Male) |
Build order — McSnyffels
17 acciones detectadas en el replay
| 0:01 | Crear | Villager (Male) |
| 0:01 | Crear | Villager (Male) |
| 0:02 | Crear | Villager (Male) |
| 0:04 | Construir | House |
| 0:05 | Construir | House |
| 0:11 | Investigar | Loom |
| 0:13 | Crear | Villager (Male) |
| 0:13 | Crear | Villager (Male) |
| 0:36 | Crear | Villager (Male) |
| 0:37 | Crear | Villager (Male) |
| 2:18 | Construir | Palisade Wall |
| 2:43 | Crear | Villager (Male) |
| 2:43 | Crear | Villager (Male) |
| 2:44 | Crear | Villager (Male) |
| 4:10 | Construir | Palisade Wall |
| 6:18 | Crear | Villager (Male) |
| 6:18 | Crear | Villager (Male) |
Build order — AcmeVSG
Primeras 150 de 441 acciones detectadas
| 0:07 | Crear | Villager (Male) |
| 0:07 | Crear | Villager (Male) |
| 0:08 | Crear | Villager (Male) |
| 0:08 | Crear | Villager (Male) |
| 0:08 | Crear | Villager (Male) |
| 0:10 | Construir | House |
| 0:11 | Construir | House |
| 0:35 | Investigar | Loom |
| 0:36 | Crear | Villager (Male) |
| 0:36 | Crear | Villager (Male) |
| 1:24 | Crear | Villager (Male) |
| 1:24 | Crear | Villager (Male) |
| 3:51 | Construir | Palisade Wall |
| 5:19 | Construir | Palisade Wall |
| 5:49 | Construir | Palisade Wall |
| 5:52 | Construir | Palisade Wall |
| 5:53 | Construir | Palisade Wall |
| 7:17 | Construir | Palisade Wall |
| 7:26 | Crear | Villager (Male) |
| 8:12 | Crear | Villager (Male) |
| 8:53 | Crear | Villager (Male) |
| 9:25 | Crear | Villager (Male) |
| 9:52 | Crear | Villager (Male) |
| 10:06 | Construir | Lumber Camp |
| 10:17 | Crear | Villager (Male) |
| 10:45 | Crear | Villager (Male) |
| 11:07 | Crear | Villager (Male) |
| 11:42 | Crear | Villager (Male) |
| 11:58 | Crear | Villager (Male) |
| 12:11 | Construir | House |
| 12:26 | Crear | Villager (Male) |
| 12:48 | Crear | Villager (Male) |
| 13:29 | Crear | Villager (Male) |
| 13:30 | Crear | Villager (Male) |
| 13:30 | Crear | Villager (Male) |
| 14:02 | Construir | Mill |
| 14:11 | Crear | Villager (Male) |
| 14:12 | Crear | Villager (Male) |
| 14:19 | Construir | House |
| 15:23 | Construir | Mill |
| 15:35 | Construir | Mill |
| 15:42 | Crear | Villager (Male) |
| 15:43 | Crear | Villager (Male) |
| 16:56 | Crear | Villager (Male) |
| 17:17 | Investigar | Feudal Age |
| 17:34 | Construir | House |
| 19:31 | Edad | Edad Feudal |
| 19:32 | Crear | Villager (Male) |
| 19:32 | Crear | Villager (Male) |
| 19:32 | Crear | Villager (Male) |
| 19:35 | Construir | Stone Wall |
| 19:42 | Construir | Market |
| 19:48 | Construir | Blacksmith |
| 20:03 | Construir | Lumber Camp |
| 20:52 | Investigar | Castle Age |
| 21:03 | Construir | Mining Camp |
| 21:15 | Construir | Mill |
| 21:17 | Construir | Outpost |
| 21:52 | Construir | House |
| 21:58 | Investigar | Double-Bit Axe |
| 22:00 | Investigar | Horse Collar |
| 22:54 | Construir | House |
| 23:07 | Investigar | Wheelbarrow |
| 23:32 | Edad | Edad de los Castillos |
| 23:41 | Construir | Town Center |
| 23:56 | Construir | Town Center |
| 23:59 | Construir | House |
| 24:17 | Crear | Villager (Male) |
| 24:17 | Crear | Villager (Male) |
| 24:48 | Crear | Villager (Male) |
| 24:49 | Crear | Villager (Male) |
| 24:52 | Crear | Villager (Male) |
| 24:52 | Crear | Villager (Male) |
| 25:20 | Construir | Farm |
| 25:21 | Construir | Farm |
| 25:22 | Construir | Farm |
| 25:27 | Construir | Farm |
| 25:28 | Construir | Farm |
| 25:30 | Construir | Farm |
| 25:33 | Crear | Villager (Male) |
| 25:33 | Crear | Villager (Male) |
| 25:34 | Crear | Villager (Male) |
| 25:45 | Construir | Outpost |
| 25:56 | Crear | Villager (Male) |
| 26:09 | Construir | House |
| 26:16 | Construir | Outpost |
| 26:22 | Crear | Villager (Male) |
| 26:58 | Construir | Town Center |
| 27:07 | Crear | Villager (Male) |
| 27:08 | Crear | Villager (Male) |
| 27:08 | Crear | Villager (Male) |
| 27:09 | Crear | Villager (Male) |
| 27:10 | Crear | Villager (Male) |
| 27:14 | Construir | House |
| 27:15 | Construir | House |
| 27:27 | Construir | Farm |
| 27:28 | Construir | Farm |
| 27:29 | Construir | Farm |
| 27:34 | Construir | Farm |
| 27:39 | Construir | Farm |
| 27:40 | Construir | Farm |
| 27:44 | Crear | Villager (Male) |
| 27:45 | Crear | Villager (Male) |
| 27:45 | Crear | Villager (Male) |
| 27:53 | Construir | Farm |
| 27:54 | Construir | Farm |
| 27:55 | Construir | Farm |
| 27:56 | Construir | Farm |
| 28:05 | Construir | Farm |
| 28:06 | Construir | Farm |
| 28:17 | Crear | Villager (Male) |
| 28:17 | Crear | Villager (Male) |
| 28:34 | Construir | Mining Camp |
| 28:42 | Construir | Outpost |
| 28:43 | Crear | Villager (Male) |
| 28:48 | Construir | Farm |
| 28:51 | Construir | Farm |
| 28:53 | Construir | Farm |
| 29:00 | Construir | Farm |
| 29:12 | Crear | Villager (Male) |
| 29:12 | Crear | Villager (Male) |
| 29:13 | Crear | Villager (Male) |
| 29:13 | Crear | Villager (Male) |
| 29:14 | Crear | Villager (Male) |
| 29:28 | Construir | House |
| 29:32 | Crear | Villager (Male) |
| 29:33 | Crear | Villager (Male) |
| 29:33 | Crear | Villager (Male) |
| 29:52 | Construir | Town Center |
| 29:58 | Construir | Farm |
| 29:59 | Construir | Farm |
| 30:02 | Crear | Villager (Male) |
| 30:03 | Crear | Villager (Male) |
| 30:04 | Crear | Villager (Male) |
| 30:04 | Crear | Villager (Male) |
| 30:05 | Crear | Villager (Male) |
| 30:05 | Crear | Villager (Male) |
| 30:30 | Crear | Villager (Male) |
| 30:30 | Crear | Villager (Male) |
| 30:31 | Crear | Villager (Male) |
| 30:57 | Construir | Town Center |
| 31:08 | Construir | Stone Wall |
| 31:19 | Crear | Villager (Male) |
| 31:20 | Crear | Villager (Male) |
| 31:20 | Crear | Villager (Male) |
| 31:21 | Crear | Villager (Male) |
| 31:21 | Crear | Villager (Male) |
| 31:22 | Crear | Villager (Male) |
| 31:23 | Crear | Villager (Male) |
| 31:23 | Crear | Villager (Male) |
Build order — lelord
Primeras 150 de 606 acciones detectadas
| 0:03 | Crear | Villager (Male) ×4 |
| 0:04 | Construir | House |
| 0:06 | Construir | House |
| 1:18 | Crear | Villager (Male) |
| 1:18 | Crear | Villager (Male) |
| 1:49 | Construir | Lumber Camp |
| 2:00 | Crear | Villager (Male) |
| 2:00 | Crear | Villager (Male) |
| 2:00 | Crear | Villager (Male) |
| 2:17 | Crear | Villager (Male) |
| 2:17 | Crear | Villager (Male) |
| 2:49 | Investigar | Loom |
| 3:00 | Crear | Villager (Male) |
| 3:00 | Crear | Villager (Male) |
| 3:13 | Crear | Villager (Male) |
| 3:13 | Crear | Villager (Male) |
| 3:45 | Crear | Villager (Male) |
| 3:45 | Crear | Villager (Male) |
| 4:14 | Crear | Villager (Male) |
| 4:14 | Crear | Villager (Male) |
| 4:30 | Construir | House |
| 4:31 | Construir | House |
| 5:01 | Crear | Villager (Male) |
| 5:01 | Crear | Villager (Male) |
| 5:01 | Crear | Villager (Male) |
| 5:09 | Construir | Mill |
| 5:32 | Crear | Villager (Male) |
| 5:32 | Crear | Villager (Male) |
| 5:55 | Crear | Villager (Male) |
| 5:55 | Crear | Villager (Male) |
| 6:57 | Construir | Mining Camp |
| 7:42 | Crear | Villager (Male) |
| 7:42 | Crear | Villager (Male) |
| 7:42 | Crear | Villager (Male) |
| 8:43 | Investigar | Feudal Age |
| 8:46 | Construir | House |
| 9:49 | Construir | Palisade Wall |
| 10:14 | Crear | Villager (Male) |
| 10:15 | Crear | Villager (Male) |
| 11:07 | Edad | Edad Feudal |
| 11:13 | Construir | Blacksmith |
| 11:26 | Construir | Market |
| 12:09 | Construir | Palisade Wall |
| 12:13 | Investigar | Castle Age |
| 12:13 | Investigar | Castle Age |
| 12:51 | Construir | House |
| 12:52 | Construir | House |
| 13:46 | Construir | House |
| 14:01 | Crear | Villager (Male) |
| 14:01 | Crear | Villager (Male) |
| 14:31 | Construir | Mill |
| 14:53 | Edad | Edad de los Castillos |
| 14:59 | Construir | Town Center |
| 15:08 | Construir | Town Center |
| 15:37 | Construir | Monastery |
| 15:43 | Crear | Villager (Male) |
| 15:56 | Investigar | Double-Bit Axe |
| 16:22 | Crear | Villager (Male) |
| 16:22 | Crear | Villager (Male) |
| 16:23 | Crear | Villager (Male) |
| 16:23 | Crear | Villager (Male) |
| 16:23 | Crear | Villager (Male) |
| 16:23 | Crear | Villager (Male) |
| 16:34 | Crear | Monk |
| 16:45 | Crear | Villager (Male) |
| 16:45 | Crear | Villager (Male) |
| 16:50 | Construir | Farm |
| 16:52 | Construir | Farm |
| 16:57 | Construir | Farm |
| 17:15 | Construir | Farm |
| 17:16 | Construir | Farm |
| 17:18 | Crear | Villager (Male) |
| 17:18 | Crear | Villager (Male) |
| 17:18 | Crear | Villager (Male) |
| 17:31 | Construir | Farm |
| 17:31 | Construir | Farm |
| 17:42 | Crear | Villager (Male) |
| 17:42 | Crear | Villager (Male) |
| 17:47 | Construir | Farm |
| 17:50 | Crear | Villager (Male) |
| 17:50 | Crear | Villager (Male) |
| 17:54 | Construir | Farm |
| 18:04 | Construir | Farm |
| 18:06 | Crear | Villager (Male) |
| 18:06 | Crear | Villager (Male) |
| 18:21 | Crear | Villager (Male) |
| 18:21 | Crear | Villager (Male) |
| 18:22 | Crear | Villager (Male) |
| 18:31 | Construir | Farm |
| 18:32 | Construir | Farm |
| 18:34 | Crear | Villager (Male) |
| 19:01 | Crear | Villager (Male) |
| 19:02 | Crear | Villager (Male) |
| 19:02 | Crear | Villager (Male) |
| 19:02 | Crear | Villager (Male) |
| 19:10 | Construir | House |
| 19:11 | Construir | House |
| 19:12 | Construir | House |
| 19:16 | Construir | House |
| 19:30 | Crear | Villager (Male) |
| 19:30 | Crear | Villager (Male) |
| 19:30 | Crear | Villager (Male) |
| 19:30 | Crear | Villager (Male) |
| 19:36 | Construir | Farm |
| 19:38 | Construir | Farm |
| 19:39 | Construir | Farm |
| 19:46 | Crear | Villager (Male) |
| 19:49 | Construir | Farm |
| 19:50 | Construir | Farm |
| 19:51 | Crear | Villager (Male) |
| 19:52 | Crear | Villager (Male) |
| 19:55 | Construir | Farm |
| 20:00 | Crear | Villager (Male) |
| 20:01 | Crear | Villager (Male) |
| 20:01 | Crear | Villager (Male) |
| 20:06 | Crear | Villager (Male) |
| 20:06 | Crear | Villager (Male) |
| 20:09 | Construir | House |
| 20:22 | Crear | Villager (Male) |
| 20:22 | Crear | Villager (Male) |
| 20:29 | Crear | Villager (Male) |
| 20:29 | Crear | Villager (Male) |
| 20:37 | Construir | Mining Camp |
| 20:39 | Crear | Villager (Male) |
| 20:47 | Crear | Villager (Male) |
| 20:47 | Crear | Villager (Male) |
| 20:57 | Construir | House |
| 20:58 | Construir | House |
| 20:59 | Crear | Villager (Male) |
| 20:59 | Crear | Villager (Male) |
| 20:59 | Crear | Villager (Male) |
| 21:11 | Crear | Villager (Male) |
| 21:11 | Crear | Villager (Male) |
| 21:11 | Crear | Villager (Male) |
| 21:18 | Crear | Villager (Male) |
| 21:19 | Crear | Villager (Male) |
| 21:19 | Crear | Villager (Male) |
| 21:28 | Construir | Mining Camp |
| 21:38 | Construir | Town Center |
| 21:42 | Crear | Villager (Male) |
| 21:42 | Crear | Villager (Male) |
| 21:42 | Crear | Villager (Male) |
| 21:43 | Crear | Villager (Male) |
| 21:44 | Crear | Villager (Male) |
| 21:44 | Crear | Villager (Male) |
| 21:52 | Construir | House |
| 21:56 | Crear | Villager (Male) |
| 21:56 | Crear | Villager (Male) |
| 21:56 | Crear | Villager (Male) |
| 22:08 | Crear | Villager (Male) |
Build order — marrin89
Primeras 150 de 689 acciones detectadas
| 0:03 | Crear | Villager (Male) |
| 0:04 | Crear | Villager (Male) |
| 0:04 | Crear | Villager (Male) |
| 0:04 | Crear | Villager (Male) |
| 0:04 | Crear | Villager (Male) |
| 0:08 | Construir | House |
| 0:11 | Construir | House |
| 1:31 | Crear | Villager (Male) |
| 1:31 | Crear | Villager (Male) |
| 2:07 | Crear | Villager (Male) |
| 2:33 | Crear | Villager (Male) |
| 2:51 | Investigar | Loom |
| 2:58 | Investigar | Loom |
| 3:12 | Crear | Villager (Male) |
| 3:23 | Crear | Villager (Male) |
| 4:28 | Crear | Villager (Male) |
| 4:28 | Crear | Villager (Male) |
| 4:28 | Crear | Villager (Male) |
| 4:28 | Crear | Villager (Male) |
| 4:33 | Construir | Mill |
| 4:42 | Construir | House |
| 4:44 | Construir | House |
| 4:54 | Crear | Villager (Male) |
| 4:54 | Crear | Villager (Male) |
| 5:06 | Construir | Lumber Camp |
| 5:08 | Crear | Villager (Male) |
| 5:09 | Crear | Villager (Male) |
| 5:48 | Crear | Villager (Male) |
| 5:48 | Crear | Villager (Male) |
| 6:27 | Crear | Villager (Male) |
| 6:27 | Crear | Villager (Male) |
| 6:28 | Crear | Villager (Male) |
| 6:52 | Crear | Villager (Male) |
| 7:16 | Crear | Villager (Male) |
| 7:26 | Crear | Villager (Male) |
| 7:37 | Crear | Villager (Male) |
| 7:37 | Crear | Villager (Male) |
| 7:43 | Construir | House |
| 7:46 | Construir | House |
| 7:57 | Construir | Lumber Camp |
| 8:57 | Crear | Villager (Male) |
| 9:33 | Crear | Villager (Male) |
| 10:02 | Construir | Mining Camp |
| 10:21 | Investigar | Feudal Age |
| 10:32 | Construir | Mill |
| 11:13 | Crear | Villager (Male) |
| 11:13 | Crear | Villager (Male) |
| 11:14 | Crear | Villager (Male) |
| 12:31 | Edad | Edad Feudal |
| 12:37 | Construir | Town Center |
| 12:39 | Investigar | Double-Bit Axe |
| 12:41 | Crear | Villager (Male) |
| 12:41 | Crear | Villager (Male) |
| 12:46 | Investigar | Horse Collar |
| 12:51 | Crear | Villager (Male) |
| 12:51 | Crear | Villager (Male) |
| 13:14 | Construir | Farm |
| 13:17 | Construir | Farm |
| 13:20 | Construir | Farm |
| 13:26 | Construir | Farm |
| 13:28 | Construir | Farm |
| 13:31 | Construir | Farm |
| 13:34 | Construir | Farm |
| 13:45 | Construir | Farm |
| 14:15 | Construir | Farm |
| 14:17 | Crear | Villager (Male) |
| 14:22 | Crear | Villager (Male) |
| 14:22 | Crear | Villager (Male) |
| 14:22 | Crear | Villager (Male) |
| 14:22 | Crear | Villager (Male) |
| 14:23 | Crear | Villager (Male) |
| 14:30 | Construir | Farm |
| 15:10 | Construir | Farm |
| 15:27 | Crear | Villager (Male) |
| 15:28 | Crear | Villager (Male) |
| 15:34 | Construir | Farm |
| 15:40 | Construir | Blacksmith |
| 15:42 | Crear | Villager (Male) |
| 16:06 | Construir | Market |
| 16:14 | Construir | House |
| 16:16 | Crear | Villager (Male) |
| 16:18 | Investigar | Wheelbarrow |
| 16:31 | Construir | Farm |
| 16:48 | Construir | Mining Camp |
| 17:04 | Construir | Farm |
| 17:07 | Construir | Farm |
| 17:10 | Construir | Farm |
| 17:13 | Construir | Farm |
| 17:17 | Crear | Villager (Male) |
| 17:24 | Crear | Villager (Male) |
| 17:25 | Crear | Villager (Male) |
| 17:38 | Construir | Farm |
| 18:05 | Construir | Farm |
| 18:08 | Crear | Villager (Male) |
| 18:23 | Construir | House |
| 18:25 | Construir | House |
| 18:31 | Investigar | Castle Age |
| 18:40 | Crear | Villager (Male) |
| 18:41 | Crear | Villager (Male) |
| 19:01 | Investigar | Stone Mining |
| 19:28 | Investigar | Gold Mining |
| 19:33 | Construir | House |
| 19:36 | Construir | House |
| 19:39 | Construir | House |
| 19:41 | Construir | House |
| 19:44 | Construir | House |
| 19:46 | Construir | House |
| 19:51 | Crear | Villager (Male) |
| 19:51 | Crear | Villager (Male) |
| 19:52 | Crear | Villager (Male) |
| 19:52 | Crear | Villager (Male) |
| 19:52 | Crear | Villager (Male) |
| 20:05 | Crear | Villager (Male) |
| 20:12 | Crear | Villager (Male) |
| 20:20 | Construir | Farm |
| 20:45 | Construir | Farm |
| 20:59 | Crear | Villager (Male) |
| 21:02 | Crear | Villager (Male) |
| 21:02 | Crear | Villager (Male) |
| 21:11 | Edad | Edad de los Castillos |
| 21:13 | Construir | Farm |
| 21:18 | Construir | Monastery |
| 21:23 | Construir | Town Center |
| 21:27 | Investigar | Hand Cart |
| 21:32 | Construir | Town Center |
| 21:39 | Construir | Town Center |
| 21:48 | Construir | Farm |
| 21:59 | Construir | Farm |
| 22:06 | Construir | Farm |
| 22:08 | Crear | Villager (Male) |
| 22:08 | Crear | Villager (Male) |
| 22:14 | Construir | Farm |
| 22:19 | Crear | Monk |
| 22:35 | Crear | Villager (Male) |
| 22:35 | Crear | Villager (Male) |
| 22:38 | Investigar | Bow Saw |
| 22:41 | Crear | Villager (Male) |
| 22:42 | Crear | Villager (Male) |
| 22:42 | Crear | Villager (Male) |
| 22:42 | Crear | Villager (Male) |
| 22:50 | Crear | Villager (Male) |
| 22:59 | Construir | Farm |
| 23:17 | Crear | Villager (Male) |
| 23:18 | Crear | Villager (Male) |
| 23:18 | Crear | Villager (Male) |
| 23:18 | Crear | Villager (Male) |
| 23:19 | Crear | Villager (Male) |
| 23:19 | Crear | Villager (Male) |
| 23:24 | Crear | Villager (Male) |
| 23:24 | Crear | Villager (Male) |
Cronología de la partida
| 2:18 | McSnyffels · wall_segment Palisade Wall x6 |
| 3:51 | AcmeVSG · wall_segment Palisade Wall x1 |
| 4:10 | McSnyffels · wall_segment Palisade Wall x1 |
| 4:33 | Maximus · wall_segment Palisade Wall x10 |
| 5:19 | AcmeVSG · wall_segment Palisade Wall x1 |
| 5:49 | AcmeVSG · wall_segment Palisade Wall x11 |
| 5:52 | AcmeVSG · wall_segment Palisade Wall x1 |
| 5:53 | AcmeVSG · wall_segment Palisade Wall x1 |
| 6:01 | Maximus · wall_segment Palisade Wall x2 |
| 6:10 | Maximus · wall_segment Palisade Wall x1 |
| 6:23 | McSnyffels · resign |
| 7:17 | AcmeVSG · wall_segment Palisade Wall x7 |
| 9:49 | lelord · wall_segment Palisade Wall x7 |
| 11:07 | lelord · age_up feudal |
| 11:21 | R · age_up feudal |
| 12:09 | lelord · wall_segment Palisade Wall x5 |
| 12:12 | kinhvanhoa · age_up feudal |
| 12:13 | Maximus · first_building Barracks |
| 12:31 | marrin89 · age_up feudal |
| 13:10 | Chick · age_up feudal |
| 14:05 | Maximus · age_up feudal |
| 14:11 | Chick · wall_segment Stone Wall x8 |
| 14:53 | lelord · age_up castle |
| 15:30 | lelord · first_market_buy 100 wood |
| 15:37 | lelord · first_building Monastery |
| 16:08 | R · age_up castle |
| 17:41 | kinhvanhoa · age_up castle |
| 17:45 | kinhvanhoa · first_market_buy 100 wood |
| 17:56 | marrin89 · first_market_sell 100 wood |
| 18:57 | kinhvanhoa · first_building Barracks |
| 19:31 | AcmeVSG · age_up feudal |
| 19:35 | AcmeVSG · wall_segment Stone Wall x7 |
| 19:55 | R · wall_segment Stone Wall x7 |
| 20:49 | AcmeVSG · first_market_sell 100 wood |
| 21:07 | R · first_market_buy 100 stone |
| 21:11 | marrin89 · age_up castle |
| 21:18 | marrin89 · first_building Monastery |
| 21:33 | R · first_building Monastery |
| 23:32 | AcmeVSG · age_up castle |
| 23:54 | kinhvanhoa · first_building Monastery |
| 24:15 | lelord · first_building Barracks |
| 26:20 | Chick · age_up castle |
| 26:32 | lelord · first_building Stable |
| 27:37 | R · first_building Castle |
| 28:44 | marrin89 · first_building Castle |
| 28:45 | Chick · first_building Monastery |
| 28:47 | kinhvanhoa · first_building Castle |
| 29:10 | Chick · first_building Castle |
| 29:22 | R · first_building Barracks |
| 29:34 | lelord · first_building Castle |
| 30:02 | kinhvanhoa · age_up imperial |
| 30:26 | marrin89 · first_building Barracks |
| 30:32 | Chick · first_building Siege Workshop |
| 31:02 | marrin89 · first_building Stable |
| 31:08 | AcmeVSG · wall_segment Stone Wall x7 |
| 31:21 | kinhvanhoa · first_building Stable |
| 31:23 | marrin89 · first_building Siege Workshop |
| 31:25 | R · age_up imperial |
| 32:19 | AcmeVSG · wall_segment Stone Wall x9 |
| 32:22 | R · first_building Stable |
| 32:35 | Chick · first_building Barracks |
| 32:56 | lelord · age_up imperial |
| 33:14 | marrin89 · age_up imperial |
| 33:31 | AcmeVSG · wall_segment Stone Wall x10 |
| 33:34 | marrin89 · first_building Archery Range |
| 33:49 | R · first_building Archery Range |
| 34:02 | Chick · first_building Archery Range |
| 36:10 | Chick · age_up imperial |
| 36:33 | AcmeVSG · first_building Barracks |
| 36:38 | AcmeVSG · first_building Siege Workshop |
| 36:46 | AcmeVSG · wall_segment Stone Wall x2 |
| 37:00 | AcmeVSG · wall_segment Stone Wall x8 |
| 37:28 | AcmeVSG · first_building Stable |
| 38:05 | kinhvanhoa · first_building Archery Range |
| 39:14 | AcmeVSG · wall_segment Stone Wall x3 |
| 39:52 | R · wall_segment Stone Wall x13 |
| 40:00 | AcmeVSG · first_building Castle |
| 40:33 | AcmeVSG · age_up imperial |
| 41:53 | Chick · first_market_sell 100 wood |
| 43:09 | lelord · first_market_sell 500 food |
| 43:48 | AcmeVSG · wall_segment Stone Wall x8 |
| 45:17 | AcmeVSG · wall_segment Stone Wall x7 |
| 48:09 | marrin89 · wall_segment Palisade Wall x13 |
| 49:29 | lelord · tribute_sent a jugador 1 |
| 49:29 | lelord · tribute_sent a jugador 2 |
| 49:29 | lelord · tribute_sent a jugador 3 |
| 49:29 | lelord · tribute_sent a jugador 4 |
| 49:29 | lelord · tribute_sent a jugador 5 |
| 49:29 | lelord · tribute_sent a jugador 7 |
| 49:29 | lelord · tribute_sent a jugador 8 |
| 49:57 | lelord · tribute_sent a jugador 1 |
| 49:57 | lelord · tribute_sent a jugador 2 |
| 49:57 | lelord · tribute_sent a jugador 3 |
| 49:57 | lelord · tribute_sent a jugador 4 |
| 49:57 | lelord · tribute_sent a jugador 5 |
| 49:57 | lelord · tribute_sent a jugador 7 |
| 49:57 | lelord · tribute_sent a jugador 8 |
| 50:41 | R · first_building Siege Workshop |
[ ANÁLISIS IA · 1 CRÉDITO ]
¿Qué pasó realmente en esta partida?
Wolo.gg analiza cada decisión: build order, eco, micro, errores típicos por bracket. Análisis personalizado por WhatsApp o Discord en 30 segundos.
Guía civ
Hunos
Perfil
Jugador #1928039